 Dungeon Crawl Stone Soup version 0.29.1-1-gd02db6906a (webtiles) character file.

Game seed: 17647707344522646762

41 Colgate the Shooter (level 3, -9/30 HPs)
             Began as a Formicid Hunter on Oct 4, 2022.
             Was an Initiate of Ashenzari.
             Killed by divine providence
             ... invoked by an orc priest
              (14 damage)
             ... on level 2 of the Dungeon.
             The game lasted 00:06:26 (1352 turns).

Colgate the Shooter (Formicid Hunter)               Turns: 1352, Time: 00:06:27

Health: -9/30      AC:  3    Str: 15    XL:     3   Next: 75%
Magic:  3/3        EV: 16    Int: 10    God:    Ashenzari [......]
Gold:   69         SH:  0    Dex: 17    Spells: 2/2 levels left

rFire   . . .      SeeInvis +   a - +0 shortbow
rCold   . . .      Faith    .   (no shield)
rNeg    . . .      Spirit   .   c - +0 leather armour "Gaze Upon Infinity" {Bglg, Range} (curse)
rPois   .          Reflect  .   (helmet unavailable)
rElec   .          Harm     .   (no cloak)
rCorr   .          Rampage  .   (no gloves)
Will    .....                   (no boots)
Stlth   ++........              (no amulet)
HPRegen 0.10/turn               f - +4 ring of evasion
MPRegen 0.08/turn               (no ring)

@: no status effects
A: permanent stasis, dig shafts and tunnels, antennae 3, four strong arms
a: Dig, Shaft Self, Renounce Religion, Shatter the Chains


You were on level 2 of the Dungeon.
You worshipped Ashenzari.
Ashenzari was noncommittal.
You visited 1 branch of the dungeon, and saw 2 of its levels.

You collected 69 gold pieces.

Inventory:

Hand Weapons
 a - a +0 shortbow (weapon)
Armour
 c - the cursed +0 leather armour "Gaze Upon Infinity" (worn) {Bglg, Range}

   It has a curse which improves the following skills: Beguiling: Conjurations,
   Hexes and Translocations.
   Ranged Combat: Ranged Weapons and Throwing.
Jewellery
 f - a +4 ring of evasion (left hand)
Scrolls
 b - 2 scrolls of immolation
 d - a scroll of noise {unknown}
 g - a scroll of enchant weapon {unknown}
 i - 2 scrolls of teleportation {unknown}
 j - a scroll of identify {unknown}
Potions
 e - a potion of heal wounds {unknown}
 h - 2 potions of brilliance {unknown}


   Skills:
 + Level 3.9 Fighting
 - Level 4.0(4.4) Ranged Weapons
 - Level 1.7 Dodging
 - Level 2.0 Stealth


You had 2 spell levels left.
You didn't know any spells.
Your spell library contained the following spells:

 Spells                   Type           Power      Damage    Failure   Level
 Foxfire                  Conj/Fire      0%         2x1d4     43%         1
 Ensorcelled Hibernation  Hex/Ice        0%         N/A       56%         2
 Passwall                 Tmut/Erth      0%         N/A       56%         2
 Poisonous Vapours        Pois/Air       0%         N/A       56%         2
 Conjure Flame            Conj/Fire      0%         6-21      80%         3
 Inner Flame              Hex/Fire       0%         N/A       80%         3
 Corpse Rot               Necr/Pois/Air  0%         N/A       99%         4
 Flame Wave               Conj/Fire      0%         2d4       99%         4
 Iskenderun's Battlesphe  Conj           0%         2d6       100%        5
 Iron Shot                Conj/Erth      0%         9d1       100%        6
 Spellforged Servitor     Conj/Summ      0%         N/A       100%        7
 Swiftness                Air            Unusable   N/A       N/A         3

Dungeon Overview and Level Annotations

Branches:
Dungeon (2/15)

Altars:
Ashenzari

Shops:
D:2 [


Innate Abilities, Weirdness & Mutations

You cannot be hasted, slowed, berserked, paralysed or teleported.
You can dig through walls and to a lower floor.
You have a pair of large antennae on your head. (SInv)
Your four strong arms can wield two-handed weapons with a shield.


Message History

You shoot an arrow. The arrow hits the orc.
The orc hits you with a +0 hand axe.
You are too injured to fight recklessly!
Non-targeted abil: Dig You extend your mandibles.
Unknown command.
Unknown command.
Fire: a) +0 shortbow
Aim: an orc, wielding a +0 hand axe and wearing a +0 leather armour (heavily wounded, 63% to hit)
You shoot an arrow. The arrow completely misses the orc.
The arrow hits the orc.
The orc misses you.
Fire: a) +0 shortbow
Aim: an orc, wielding a +0 hand axe and wearing a +0 leather armour (heavily wounded, 63% to hit)
You shoot an arrow. The arrow hits the orc.
You kill the orc!
You hear a shout!
The orc closely misses you.
Fire: a) +0 shortbow
Aim: an orc, wielding a +0 flail (moderately wounded, 63% to hit)
You shoot an arrow.
The arrow hits the orc but does no damage.
The orc closely misses you.
Fire: a) +0 shortbow
Aim: an orc, wielding a +0 flail (moderately wounded, 63% to hit)
You shoot an arrow. The arrow hits the orc.
The orc closely misses you.
Unknown command.
You retract your mandibles.
The orc attacks as you move away! The orc hits you with a +0 flail.
The orc attacks as you move away! The orc hits you with a +0 flail!
* * * LOW HITPOINT WARNING * * *
The orc attacks as you move away! The orc closely misses you.
The orc priest casts a cantrip, but nothing happens.
The orc attacks as you move away! The orc hits you with a +0 flail.
* * * LOW HITPOINT WARNING * * *
You see here a +0 dagger.
The orc priest invokes the aid of Beogh against you.
Beogh smites you!
You die...

....###.#..#.....##....#.##.#
....# .....#.....##....#.##.#
...####....#.#...##....#.##+#
...# ####.#.#.####....#.#
...# #......#.. +....#.# ...#
#.##...######...##
...####+###.o.....+...+
..........#.#)..###...#
##........#.###o@.#...####
#........#o# ###.##.....#
#........#.# #.##.....#
#........#.# #........# {
#........#.# ####.....#
#####......########.....#
#.#.........))#.....##
#...#########.#.....># #..##
....{ ..#.####.# ##


You could see an orc priest and an orc.

Vanquished Creatures
  A dart slug (D:1)
  2 orcs (D:2)
  3 endoplasms
  2 goblins (D:1)
  6 hobgoblins
  6 jackals (D:1)
  A quokka (D:1)
  2 ball pythons
  2 bats (D:1)
  3 frilled lizards (D:1)
  3 kobolds
31 creatures vanquished.

Notes
Turn   | Place    | Note
-------+----------+-------------------------------------------
     0 | D:1      | Colgate the Formicid Hunter began the quest for the Orb.
     0 | D:1      | Reached XP level 1. HP: 16/16 MP: 1/1
   131 | D:1      | Reached XP level 2. HP: 23/23 MP: 2/2
   488 | D:1      | Reached XP level 3. HP: 29/29 MP: 3/3
   962 | D:1      | You fall into a shaft and drop 1 floor!
   962 | D:2      | Found a faded altar of an unknown god.
   969 | D:2      | Prayed at the altar of an unknown god.
   969 | D:2      | Became a worshipper of Ashenzari the Shackled
  1130 | D:2      | Found Udewkuwky's Armour Emporium.
  1352 | D:2      | Killed from afar by an orc priest

Illustrated notes

Levels and vault maps discovered:
D:1:      tarquinn_simple_flora_water_a, layout_basic
D:2:      cheibrodos_pilgrimage, layout_basic, basic_altar, serial_shops,
          nicolae_shop_hallway_stairs, hellmonk_ecumenical_altar_blasted

Skill      XL: |  1  2 |
---------------+-------+-----
Stealth        | 2 |  2.0
Fighting       | 3 |  3.9
Ranged Weapons | |  4.0
Dodging        | |  1.7

Action                   || total
-------------------------++-------
 Fire: Shortbow          ||    71
Invok: Curse Item        ||     1
 Abil: Dig               ||     1
Armor: Leather armour    ||     3
Dodge: Dodged            ||    16
